 Dungeon Crawl Stone Soup version 0.23-a0-375-g66a18ee0fb (webtiles) character file.

16247 Rrauwl the Severer (level 12, -34/89 HPs)
             Began as a Demonspawn Artificer on Oct 27, 2018.
             Was a High Priest of Qazlal.
             Killed from afar by Azrael (41 damage)
             ... with damnation
             ... on level 12 of the Dungeon.
             The game lasted 00:35:09 (11105 turns).

Rrauwl the Severer (Demonspawn Artificer)          Turns: 11105, Time: 00:35:09

Health: -34/89     AC: 14    Str: 17    XL:     12   Next: 8%
Magic:  0/17       EV: 11    Int: 13    God:    Qazlal [*****.]
Gold:   350        SH:  7    Dex: 20    Spells: 11/11 levels left

rFire    . . .     SeeInvis +   a - +3 battleaxe (drain)
rCold    . . .     Gourm    .   (shield currently unavailable)
rNeg     . . .     Faith    .   k - +0 scale mail (curse)
rPois    +         Spirit   +   o - +2 helmet {SInv}
rElec    .         Reflect  .   q - scarf {Spirit}
rCorr    .         Harm     .   x - +0 pair of gloves
MR       +....     Clarity  +   h - +0 pair of boots {Stlth+}
Stlth    +.........             t - amulet of regeneration
HPRegen  0.64/turn              z - ring of protection from magic
MPRegen  0.15/turn              r - ring of poison resistance

@: protected from physical damage, repel missiles
A: talons 1, thin skeletal structure 3, clarity, powered by pain 2, spiny 1
a: Upheaval, Elemental Force, Disaster Area, Renounce Religion


You were on level 12 of the Dungeon.
You worshipped Qazlal.
Qazlal was extremely pleased with you.
You were not hungry.

You visited 3 branches of the dungeon, and saw 14 of its levels.
You also visited: Ossuary.

You collected 614 gold pieces.
You spent 264 gold pieces at shops.

Inventory:

Hand Weapons
 a - a +3 battleaxe of draining (weapon)
 c - a +2 quarterstaff of chaos
 e - a +4 battleaxe
Missiles
 j - 4 throwing nets (quivered)
Armour
 h - a +0 pair of boots of stealth (worn)
 k - a cursed +0 scale mail (worn)
 o - a +2 helmet of see invisible (worn)
 q - a scarf of spirit shield (worn)
 x - a +0 pair of gloves (worn)
Jewellery
 b - an uncursed amulet of magic regeneration
 g - an uncursed ring of magical power
 r - a ring of poison resistance (right hand)
 t - an amulet of regeneration (around neck)
 z - a ring of protection from magic (left hand)
Wands
 m - a wand of polymorph (13)
 w - a wand of flame (34)
 y - a wand of enslavement (15)
 B - a wand of paralysis (9)
Scrolls
 d - 2 scrolls of teleportation
 i - 8 scrolls of identify
 l - a scroll of enchant armour
 n - 2 scrolls of fear
 s - 6 scrolls of remove curse
Potions
 p - a potion of curing
 v - 4 potions of flight
Miscellaneous
 A - a phantom mirror
Comestibles
 f - 26 rations
 C - 3 chunks of flesh


   Skills:
 + Level 6.6 Fighting
   Level 1.0 Short Blades
 + Level 15.1 Axes
 + Level 1.7 Armour
 + Level 3.0 Dodging
 - Level 1.0 Stealth
 + Level 6.8 Invocations
 + Level 3.9 Evocations


You had 11 spell levels left.
You didn't know any spells.
Your spell library contained the following spells:

 Spells                   Type           Power        Failure   Level  Hunger
 Magic Dart               Conj           #...         71%         1    ##.....
 Summon Small Mammal      Summ           #...         71%         1    ##.....
 Call Imp                 Summ           #.......     85%         2    ###....
 Call Canine Familiar     Summ           #.......     97%         3    ####...
 Summon Guardian Golem    Hex/Summ       #.......     97%         3    ####...
 Cause Fear               Hex            #.........   100%        4    #####..
 Summon Ice Beast         Ice/Summ       #.......     100%        4    #####..
 Summon Lightning Spire   Summ/Air       #.......     100%        4    #####..
 Silence                  Hex/Air        #.........   100%        5    ######.
 Yara's Violent Unravell  Hex/Tmut       #.........   100%        5    ######.
 Deflect Missiles         Chrm/Air       #.........   100%        6    #######
 Discord                  Hex            #.........   100%        8    #######


Dungeon Overview and Level Annotations

Branches:
Dungeon (12/15)            Temple (1/1) D:5            Lair (1/6) D:9
    Orc (0/2) D:10

Altars:
Ashenzari
Cheibriados
Dithmenos
Elyvilon
Fedhas
Gozag
Hepliaklqana
Kikubaaqudgha
Makhleb
Nemelex Xobeh
Okawaru
Qazlal
Ru
Sif Muna
Trog
Uskayaw
Vehumet
Wu Jian
Xom
Yredelemnul
Zin
The Shining One

Shops:
D:7 [

Annotations:
D:12 Azrael


Innate Abilities, Weirdness & Mutations

You have sharp toenails.
You have an unnaturally thin skeletal structure. (Dex +6, Stealth++)
You sometimes gain power by taking damage.
You are partially covered in sharp spines.
You possess an exceptional clarity of mind.


Message History

Qazlal accepts your kill.
Your Dodging skill increases to level 3!
Unknown command.
Unknown command.
You slash Azrael!
Azrael is severely wounded.
Azrael gestures at you.
The fireball explodes!
The fireball engulfs you!
* * * LOW HITPOINT WARNING * * *
The fireball engulfs Azrael.
Azrael completely resists.
Unknown command.
Unknown command.
Okay, then.
Evoke which item? (* to show all) (? for menu, Esc to quit)
Okay, then.
You hit Azrael.
Azrael is severely wounded.
Azrael gestures at you.
The sphere of damnation explodes!
The damnation engulfs you!
You die...

##########
##.<.§.....
#.R@.......
#.†########
##.## #..#
#.§# #.§#
#§§# #.E#
#§R#


You could see Azrael.

Vanquished Creatures
  Harold (D:7)
  A hydra (D:11)
  3 two-headed ogres
  An unseen horror (D:11)
  2 deep elf magi (D:12)
  An ugly thing (D:12)
  2 cyclopes
  A black mamba (Lair:1)
  A gargoyle (D:12)
  A troll (D:11)
  3 hippogriffs
  5 yaks
  3 basilisks
  2 fire elementals (D:12)
  A soldier ant (D:11)
  An acid dragon (D:12)
  3 porcupines
  4 hell hounds (D:12)
  A water moccasin (D:10)
  2 black bears
  8 necrophages (D:7)
  6 ogres
  A sky beast (D:12)
  6 orc warriors
  3 ice beasts
  3 phantoms
  An eye of draining (D:12)
  3 centaurs
  4 wolves (D:9)
  2 crocodiles
  Blork the orc (D:5)
  2 big kobolds
  4 bullfrogs
  A gnoll sergeant (D:10)
  A water moccasin zombie (D:7)
  4 scorpions
  7 wights
  2 electric eels (D:10)
  A howler monkey (D:5)
  8 crimson imps
  A centaur zombie (D:6)
  3 jellies
  2 human zombies (Ossuary)
  A bullfrog skeleton (D:6)
  2 bullfrog zombies (D:7)
  5 hounds
  7 orc priests
  2 quasits
  Crazy Yiuf (D:5)
  2 centaur skeletons
  5 iguanas
  15 orc wizards
  Jessica (D:2)
  6 worker ants
  A hound zombie (D:6)
  5 mummies
  Robin (D:2)
  A howler monkey skeleton (D:4)
  2 howler monkey zombies (D:7)
  13 adders
  14 gnolls
  2 shadow imps
  2 oozes
  3 adder zombies
  3 worms
  3 dart slugs
  7 leopard geckos
  36 orcs
  2 ball pythons (D:1)
  4 bats
  3 giant cockroaches
  12 goblins
  10 hobgoblins
  6 jackals
  2 quokkas
  A frilled lizard (D:1)
  3 hobgoblin zombies (Ossuary)
  12 kobolds
  5 kobold zombies
  A leopard gecko skeleton (D:5)
  A leopard gecko zombie (D:7)
  An orc zombie (Ossuary)
  4 quokka zombies (Ossuary)
  4 rats
  2 rat zombies (Ossuary)
  4 fungi (D:5)
330 creatures vanquished.

Vanquished Creatures (others)
  An orc warrior (D:8)
  An ogre (D:8)
  A bullfrog (D:8)
  A scorpion (D:8)
  An adder (D:8)
  3 orcs
  A jackal (D:8)
9 creatures vanquished.

Grand Total: 339 creatures vanquished

Notes
Turn   | Place    | Note
-------+----------+-------------------------------------------
     0 | D:1      | Rrauwl the Demonspawn Artificer began the quest for the
                  | Orb.
     0 | D:1      | Reached XP level 1. HP: 15/15 MP: 3/3
   100 | D:1      | Reached skill level 1 in Short Blades
   100 | D:1      | Reached skill level 1 in Stealth
   229 | D:1      | Gained mutation: You are partially covered in sharp spines.
                  | [demonic ancestry]
   229 | D:1      | Reached XP level 2. HP: 3/22 MP: 4/4
  1253 | D:2      | Reached XP level 3. HP: 22/28 MP: 5/5
  1576 | D:2      | Noticed Jessica
  1599 | D:2      | Killed Jessica
  1808 | D:2      | Noticed Robin
  1810 | D:2      | Killed Robin
  1810 | D:2      | Gained mutation: You sometimes gain a little power by
                  | taking damage. [demonic ancestry]
  1810 | D:2      | Reached XP level 4. HP: 33/37 MP: 6/6
  2014 | D:2      | Found a stormy altar of Qazlal.
  2020 | D:2      | Found a blossoming altar of Fedhas.
  2218 | D:2      | Became a worshipper of Qazlal Stormbringer
  2285 | D:2      | Found a glowing golden altar of the Shining One.
  2287 | D:2      | Found a snail-covered altar of Cheibriados.
  2288 | D:2      | Found a shimmering altar of Xom.
  2360 | D:3      | Gained mutation: You have a somewhat thin skeletal
                  | structure. (Dex +2, Stealth) [demonic ancestry]
  2360 | D:3      | Reached XP level 5. HP: 29/43 MP: 7/7
  2379 | D:3      | Reached skill level 5 in Fighting
  2660 | D:3      | Found a faded altar of an unknown god.
  3071 | D:3      | Reached XP level 6. HP: 52/52 MP: 8/8
  3121 | D:3      | Reached skill level 1 in Axes
  3127 | D:3      | Reached * piety under Qazlal
  3127 | D:3      | Reached skill level 1 in Invocations
  3502 | D:4      | Reached skill level 2 in Axes
  3502 | D:4      | Reached XP level 7. HP: 58/58 MP: 9/9
  3912 | D:4      | Reached skill level 3 in Axes
  4086 | D:5      | Entered Level 5 of the Dungeon
  4182 | D:5      | Reached skill level 5 in Invocations
  4198 | D:5      | Reached skill level 4 in Axes
  4275 | D:5      | Gained mutation: You sometimes gain power by taking damage.
                  | [demonic ancestry]
  4275 | D:5      | Reached XP level 8. HP: 37/64 MP: 12/12
  4527 | D:5      | Found a staircase to the Ecumenical Temple.
  4536 | Temple   | Entered the Ecumenical Temple
  5189 | D:5      | Noticed Blork the orc
  5197 | D:5      | Killed Blork the orc
  5197 | D:5      | Reached skill level 5 in Axes
  5262 | D:5      | Found a runed door.
  5266 | D:5      | Noticed Crazy Yiuf
  5270 | D:5      | Killed Crazy Yiuf
  5698 | D:6      | Reached skill level 6 in Axes
  5777 | D:6      | Reached ** piety under Qazlal
  5845 | D:6      | Reached skill level 7 in Axes
  5971 | D:6      | Found a shimmering altar of Xom.
  6266 | D:7      | Found a sand-covered staircase.
  6273 | Ossuary  | Entered an ossuary
  6623 | Ossuary  | Gained mutation: You possess an exceptional clarity of
                  | mind. [potion of mutation]
  6623 | Ossuary  | Gained mutation: You have large cloven feet. [potion of
                  | mutation]
  6653 | D:7      | Gained mutation: You have a moderately thin skeletal
                  | structure. (Dex +4, Stealth+) [demonic ancestry]
  6653 | D:7      | Reached XP level 9. HP: 65/69 MP: 13/13
  6741 | D:7      | Reached skill level 8 in Axes
  6744 | D:7      | Reached *** piety under Qazlal
  6893 | D:7      | Found Padop's Armour Shop.
  6901 | D:7      | Bought a +1 helmet of see invisible for 264 gold pieces
  7018 | D:7      | Reached skill level 9 in Axes
  7033 | D:7      | Found a radiant altar of Vehumet.
  7036 | D:7      | Identified Vehumet's Grimoire of Confrontation
  7039 | D:7      | Found an ancient bone altar of Kikubaaqudgha.
  7040 | D:7      | Found a deep blue altar of Sif Muna.
  7097 | D:7      | Reached skill level 10 in Axes
  7134 | D:7      | Noticed Harold
  7159 | D:7      | Killed Harold
  7159 | D:7      | Reached skill level 11 in Axes
  7159 | D:7      | Lost mutation: You have large cloven feet. [demonic
                  | ancestry]
  7159 | D:7      | Gained mutation: You have sharp toenails. [demonic
                  | ancestry]
  7159 | D:7      | Reached XP level 10. HP: 76/76 MP: 14/14
  7576 | D:8      | Found a bloodstained altar of Trog.
  7648 | D:8      | Found a shimmering altar of Xom.
  7693 | D:8      | Reached **** piety under Qazlal
  7767 | D:8      | Noticed a dagger
  7768 | D:8      | Noticed a dagger
  7769 | D:8      | Found a hide-covered altar of Uskayaw.
  7798 | D:8      | Noticed a two-headed ogre
  7804 | D:8      | Killed a two-headed ogre
  8084 | D:9      | Reached skill level 12 in Axes
  8106 | D:9      | Found a staircase to the Lair.
  8387 | D:9      | Reached skill level 13 in Axes
  8934 | Lair:1   | Entered Level 1 of the Lair of Beasts
  8995 | Lair:1   | Noticed a black mamba
  9004 | Lair:1   | Killed a black mamba
  9016 | Lair:1   | Reached XP level 11. HP: 51/81 MP: 15/15
  9084 | D:10     | Entered Level 10 of the Dungeon
  9106 | D:10     | Found a sparkling altar of Nemelex Xobeh.
  9150 | D:10     | Noticed a two-headed ogre
  9155 | D:10     | Killed a two-headed ogre
  9315 | D:10     | Reached ***** piety under Qazlal
  9340 | D:10     | Reached skill level 14 in Axes
  9706 | D:10     | Found the cursed necklace of Bloodlust {*Rage +Rage MR++
                  | Int-3 Slay+6 *Curse}
 10021 | D:10     | Found a staircase to the Orcish Mines.
 10132 | D:11     | Noticed a two-headed ogre
 10190 | D:11     | Killed a two-headed ogre
 10393 | D:11     | Noticed a six-headed hydra
 10404 | D:11     | Killed a six-headed hydra
 10523 | D:11     | Noticed an unseen horror
 10540 | D:11     | Killed an unseen horror
 10565 | D:11     | Reached skill level 15 in Axes
 10938 | D:12     | Noticed a deep elf mage
 10940 | D:12     | Noticed a purple ugly thing
 10954 | D:12     | Killed a purple ugly thing
 10954 | D:12     | Noticed a deep elf mage
 10956 | D:12     | Killed a deep elf mage
 10956 | D:12     | Reached skill level 1 in Armour
 10968 | D:12     | Killed a deep elf mage
 10980 | D:12     | Gained mutation: You have an unnaturally thin skeletal
                  | structure. (Dex +6, Stealth++) [demonic ancestry]
 10980 | D:12     | Reached XP level 12. HP: 24/89 MP: 0/16
 10993 | D:12     | Noticed Azrael
 11105 | D:12     | Killed from afar by Azrael

Vault maps used:
D:1:      saegor_arrival_simple_c
D:2:      grunt_temple_overflow_forces_of_nature, minitemple, uniq_robin,
          uniq_jessica
D:3:      chequers_ecumenical_altar_island
D:4:      hangedman_abyss_or_decor_stagger, serial_bayou_crossing
D:5:      minmay_temple_entry_glass, first_ration, uniq_blork_the_orc,
          uniq_crazy_yiuf_cottage
D:6:      basic_altar
D:7:      grunt_temple_overflow_magic_moments, serial_shops,
          nicolae_shop_crystal, serial_undead, serial_undead_a, serial_undead_a,
          serial_undead_f, serial_undead_e, serial_undead_c, serial_undead_e,
          serial_undead_c, serial_undead_a, enter_ossuary_3, minmay_door_square,
          grunt_ogre_cave, uniq_harold
D:8:      dancing_weapons_uskayaw, basic_altar, xom_confusion_cloud
D:9:      minmay_lair_entry_grove
D:10:     erik_orc_2, basic_altar, st_stairs_10, basic_loot_grate_trap
D:12:     minmay_the_grid_triangle_9x9_rhombus_thin,
          portal_ice_cave_entry_animals_and_master, uniq_azrael
Temple:   dshaligram_water_room_temple
Lair:1:   gammafunk_cloud_chamber, hangedman_lair_generics_rect
Ossuary:  ossuary_minmay_chase

Skill      XL: |  1  2  3  4  5  6  7  8  9 10 11 12 |
---------------+-------------------------------------+-----
Short Blades   | 1 |  1.0
Stealth        | 1 |  1.0
Dodging        | 2 3 |  3.0
Fighting       | 2 3 4 5 6 |  6.6
Axes           | 2 4 7 11 13 15 | 15.1
Invocations    | 3 6 |  6.8
Armour         | 1 |  1.7
Evocations     | |  3.9

Action                   |  1- 3 |  4- 6 |  7- 9 | 10-12 || total
-------------------------+-------+-------+-------+-------++-------
Melee: Short sword       |    89 |    16 |       |       ||   105
       Trident           |       |    66 |       |       ||    66
       War axe           |       |    11 |       |       ||    11
       Battleaxe         |       |    25 |   225 |   312 ||   562
       Quarterstaff      |       |       |       |     7 ||     7
Evoke: Wand              |     4 |     2 |     3 |    28 ||    37
  Use: Potion            |       |     1 |    12 |     3 ||    16
       Scroll            |       |    12 |     4 |     4 ||    20
 Stab: Sleeping          |     1 |       |       |       ||     1
       Paralysed         |       |       |       |     9 ||     9
  Eat: Chunk             |     3 |     5 |    12 |    13 ||    33
Armor: Chain mail        |    51 |    68 |       |       ||   119
       Leather armour    |       |       |    16 |       ||    16
       Scale mail        |       |       |    71 |   112 ||   183
Dodge: Dodged            |    28 |    35 |   124 |   119 ||   306
       Deflected         |       |       |       |     4 ||     4
Block: Other             |       |       |    23 |    71 ||    94

Table legend:
 A = Non-vault XP
 B = Vault XP
 C = Vault XP percentage of total XP
 D = Non-vault monster count
 E = Vault monster count
 F = Vault count percentage of total count
                 A         B        C        D         E       F
            +---------+---------+-------+---------+---------+-------
      Total |   16144 |    7066 |  30.4 |     225 |     101 |  31.0
            +---------+---------+-------+---------+---------+-------
        D:1 |      38 |       0 |   0.0 |      19 |       0 |   0.0
        D:2 |      68 |      70 |  50.7 |      13 |      13 |  50.0
        D:3 |     307 |       0 |   0.0 |      27 |       0 |   0.0
        D:4 |     533 |       0 |   0.0 |      15 |       0 |   0.0
        D:5 |     572 |     143 |  20.0 |      18 |       2 |  10.0
        D:6 |     808 |       0 |   0.0 |      21 |       0 |   0.0
        D:7 |     603 |    2547 |  80.9 |      23 |      22 |  48.9
        D:8 |    1163 |     385 |  24.9 |       7 |       3 |  30.0
        D:9 |    1063 |    1689 |  61.4 |      12 |      13 |  52.0
       D:10 |    2657 |    1108 |  29.4 |      27 |      21 |  43.8
       D:11 |    4132 |       0 |   0.0 |      23 |       0 |   0.0
       D:12 |    3204 |     955 |  23.0 |      15 |       6 |  28.6
     Lair:1 |     996 |       0 |   0.0 |       5 |       0 |   0.0
    Ossuary |       0 |     169 | 100.0 |       0 |      21 | 100.0
            +---------+---------+-------+---------+---------+-------
